 Dungeon Crawl Stone Soup version 0.32-a0-918-g0f22ef8d61 (webtiles) character file.

Game seed: 914509602847115434

498 HilariousDeathArtist the Sneak (level 7, -3/45 HPs)
             Began as an Octopode Alchemist on Apr 10, 2024.
             Was an Initiate of Dithmenos.
             Slain by Duvessa
             ... wielding a +1 rapier of protection
              (12 damage)
             ... on level 4 of the Dungeon.
             The game lasted 00:07:24 (4983 turns).

HilariousDeathArtist the Sneak (Octopode Alchemist) Turns: 4983, Time: 00:07:25

Health: -3/45      AC:  1    Str:  7    XL:     7   Next: 16%
Magic:  12/12      EV: 12    Int: 19    God:    Dithmenos [......]
Gold:   176        SH:  0    Dex: 13    Spells: 6/12 levels left

rFire   . . .        a - +2 dagger (venom)
rCold   . . .        (no shield)
rNeg    . . .        (helmet restricted)
rPois   .            e - amulet of regeneration
rElec   .            W - ring of willpower
rCorr   .            (no ring)
SInv    .            (no ring)
Will    +....        (no ring)
Stlth   ++++         (no ring)
HPRegen 1.07/turn    (no ring)
MPRegen 0.13/turn    (no ring)
                     (no ring)

%: no passive effects
@: no status effects
A: almost no armour, amphibious, 8 rings, camouflage 1, gelatinous body 1,
(nimble swimmer 1), tentacles
a: Renounce Religion


You were on level 4 of the Dungeon.
You worshipped Dithmenos.
Dithmenos was noncommittal.
You visited 1 branch of the dungeon, and saw 5 of its levels.

You collected 176 gold pieces.

Inventory:

Hand Weapons
 a - a +2 dagger of venom (weapon)
   (You took it off a kobold on level 4 of the Dungeon)
 b - a +0 spear
   (You found it on level 3 of the Dungeon)
 d - a +0 dagger
   (You found it on level 1 of the Dungeon)
Missiles
 k - 3 poisoned darts
 l - 4 javelins
 s - 33 stones
Jewellery
 e - an amulet of regeneration (around mantle)
   (You found it on level 5 of the Dungeon)
 f - an amulet of reflection
   (You found it on level 5 of the Dungeon)
 W - a ring of willpower (left tentacle)
   (You found it on level 3 of the Dungeon)
Wands
 i - a wand of quicksilver (4)
   (You found it on level 2 of the Dungeon)
Scrolls
 c - a scroll of summoning {unknown}
 g - a scroll of revelation {unknown}
 h - a scroll of identify {@r1}
 j - a scroll of fear {unknown}
 n - a scroll of enchant weapon {unknown}
Potions
 m - a potion of resistance {unknown}
 B - a potion of brilliance
 G - a potion of ambrosia {!q}
 M - 2 potions of magic
 N - a potion of heal wounds {@q2}


   Skills:
 + Level 2.9 Fighting
 + Level 1.0 Short Blades
 + Level 2.3 Dodging
 - Level 5.0 Stealth
 + Level 3.3 Spellcasting
 + Level 2.3 Conjurations
 + Level 2.2 Air Magic
 + Level 4.6 Alchemy


You had 6 spell levels left.
You knew the following spells:

 Your Spells              Type           Power      Damage    Failure   Level
a - Sting                 Conj/Alch      64%        1d7       3%          1
b - Mercury Vapours       Alch/Air       32%        N/A       5%          2
x - Mephitic Cloud        Conj/Alch/Air  14%        N/A       13%         3

Your spell library contained the following spells:

 Spells                   Type           Power      Damage    Failure   Level
 Magic Dart               Conj           48%        1d5       5%          1
 Searing Ray              Conj           24%        2d5       9%          2
 Olgreb's Toxic Radiance  Alch           20%        N/A       22%         4
 Fulminant Prism          Conj/Alch      8%         3d6       34%         4
 Sticky Flame             Fire/Alch      12%        2d5       50%         4


Dungeon Overview and Level Annotations

Branches:
Dungeon (5/15)
 Temple: D:4-7

Altars:
Dithmenos

Portals:
Abyss: D:3

Annotations:
D:3 2 transporters, GamesABlazin's ghost, amateur MDFE
D:4 Duvessa


Innate Abilities, Weirdness & Mutations

You cannot wear most types of armour.
You are amphibious.
You can wear up to eight rings at the same time.
Your skin changes colour to match your surroundings (Stealth+).
Your rubbery body absorbs attacks. (AC +1, EV +1)
((You are camouflaged when in or above water. (Stealth+)))
You have tentacles for arms and can constrict up to eight enemies at once.


Message History

No target in view!
No target in view!
No target in view!
No target in view!
No target in view!
You now have 171 gold pieces (gained 7).
Natasha is nearby!
Natasha is nearby!
Natasha hisses angrily.
You hit Natasha. Your grab misses Natasha. You squeeze Natasha.
Natasha mumbles some strange words.
You feel disoriented. Natasha barely misses you.
You hit Natasha. Your grab misses Natasha. Natasha closely misses you.
You hit Natasha. You grab Natasha. You constrict Natasha. You hit Natasha.
You squeeze Natasha. You constrict Natasha.
You kill Natasha!
Dithmenos accepts your kill.
Natasha screams in fury as she dies!
Your Short Blades skill increases to level 1!
No target in view!
n - a scroll labelled LAYRCH ESMYUQI You now have 176 gold pieces (gained 5).
You see here the felid corpse of Natasha.
An orc comes into view. It is wielding a +0 falchion.
An orc is nearby!
No target in view!
No target in view!
No target in view!
No target in view!
No target in view!
No target in view!
An orc is nearby!
The orc shouts!
The orc hits you with a +0 falchion.
You take 3 damage, and have 42/45 hp.
You hit the orc but do no damage.
The orc is poisoned.
You grab the orc. You squeeze the orc. You constrict the orc.
You kill the orc!
Dithmenos accepts your kill.
You regained 2 hp, and now have 44/45 hp.
No target in view!
No target in view!
No target in view!
No target in view!
Natasha, Servant of Life and Death comes into view.
Health restored: 45 Natasha casts a spell.
The ball explodes into a vile cloud!
The stinking cloud engulfs Natasha.
The stinking cloud engulfs the cerulean imp.
Natasha is engulfed in noxious fumes.
Natasha appears confused.
You now have 8/11 mp.
The cerulean imp hits you from afar with a +2 spear.
You take 3 damage, and have 42/45 hp.
Natasha is engulfed in noxious fumes.
Natasha appears confused.
The cerulean imp barely misses you.
You hit Natasha.
Natasha is poisoned.
Your grab misses Natasha. You squeeze Natasha!
The cerulean imp hits you from afar with a +2 spear.
You take 3 damage, and have 40/45 hp.
The cerulean imp hits you from afar with a +2 spear.
Natasha is engulfed in noxious fumes.
You take 2 damage, and have 38/45 hp.
You kill Natasha!
Dithmenos accepts your kill.
You feel Natasha's spirit has finally been put to rest.
The cerulean imp disappears in a puff of smoke!
You see here a +0 ring mail.
You see here a +0 club.
Duvessa and a kobold come into view.
Duvessa is wielding a +1 rapier of protection, wearing a +2 ring mail of poison resistance, quivering poisoned darts and carrying a wand of quicksilver.
The kobold moves out of view.
Health restored: 45; MP restored: 12
Okay, then.
Press: ? - help, Shift-Dir - straight line, f - Duvessa
Aim: Duvessa, wielding a +1 rapier of protection, wearing a +2 ring mail of poison resistance, quivering poisoned darts and carrying a wand of quicksilver (berserk, 79% to hit)
The bolt of dispelling energy hits Duvessa!
Duvessa closely misses you.
Press: ? - help, Shift-Dir - straight line, f/p - Duvessa
Aim: Duvessa, wielding a +1 rapier of protection, wearing a +2 ring mail of poison resistance, quivering poisoned darts and carrying a wand of quicksilver (moderately wounded, berserk, 79% to hit)
The bolt of dispelling energy hits Duvessa!
Duvessa hits you with a +1 rapier of protection!
You take 14 damage, and have 31/45 hp.
MASSIVE DAMAGE!!
Press: ? - help, Shift-Dir - straight line, f/p - Duvessa
Aim: Duvessa, wielding a +1 rapier of protection, wearing a +2 ring mail of poison resistance, quivering poisoned darts and carrying a wand of quicksilver (heavily wounded, berserk, 79% to hit)
The bolt of dispelling energy hits Duvessa!
Duvessa hits you with a +1 rapier of protection! x2
* * * LOW HITPOINT WARNING * * *
You take 24 damage, and have 7/45 hp.
MASSIVE DAMAGE!!
Press: ? - help, Shift-Dir - straight line, f/p - Duvessa
Aim: Duvessa, wielding a +1 rapier of protection, wearing a +2 ring mail of poison resistance, quivering poisoned darts and carrying a wand of quicksilver (severely wounded, berserk, 79% to hit)
The bolt of dispelling energy hits Duvessa but does no damage.
Duvessa misses you.
Press: ? - help, Shift-Dir - straight line, f/p - Duvessa
Aim: Duvessa, wielding a +1 rapier of protection, wearing a +2 ring mail of poison resistance, quivering poisoned darts and carrying a wand of quicksilver (severely wounded, berserk, 79% to hit)
The bolt of dispelling energy hits Duvessa.
Duvessa hits you with a +1 rapier of protection!
You die...

.# #.# #.# .#
###.### #.####
.#######.....#
#....#
......##.....#
####.#
####..##.....#
######.#
#.#.##.....#
#.)....#
##.###.....#
#.###### #<#
####### #.#
#.# #@# #.#
#e# #.# #.#
#.# #.# #..
........# #..
...#.#### #..
#


You could see Duvessa (berserk).

Vanquished Creatures
  A centaur (D:3)
  A phantom (D:4)
  A scorpion (D:5)
  Dowan (D:4)
  Natasha (thrice) (D:4)
  An orc wizard (D:3)
  5 adders
  2 gnolls (D:1)
  4 dart slugs
  5 orcs
  7 ball pythons
  5 endoplasms
  2 giant cockroaches (D:2)
  9 goblins
  5 hobgoblins
  A quokka (D:2)
  3 bats
  2 frilled lizards
  5 kobolds
  5 rats
68 creatures vanquished.

Notes
Turn   | Place    | Note
-------+----------+-------------------------------------------
     0 | D:1      | HilariousDeathArtist the Octopode Alchemist began the quest
                  | for the Orb.
     0 | D:1      | Reached XP level 1. HP: 11/11 MP: 3/3
   286 | D:1      | Reached skill level 3 in Stealth
   286 | D:1      | Reached XP level 2. HP: 18/18 MP: 5/5
   430 | D:1      | Reached XP level 3. HP: 22/22 MP: 3/6
   510 | D:1      | Reached skill level 1 in Fighting
  1171 | D:2      | Identified the +1 leather armour of Zin's Supremacy {Dex+4
                  | Slay-2}
  1175 | D:2      | Learned a level 2 spell: Mercury Vapours
  1402 | D:2      | Reached XP level 4. HP: 28/28 MP: 2/7
  1799 | D:2      | Reached skill level 2 in Conjurations
  2430 | D:3      | Found a transporter.
  2432 | D:3      | Found a transporter.
  2925 | D:3      | Noticed a small abomination
  2945 | D:3      | Found a one-way gate to the infinite horrors of the Abyss.
  2945 | D:3      | Noticed GamesABlazin's ghost (amateur MDFE)
  2953 | D:3      | Noticed a centaur
  2956 | D:3      | HP: 4/28 [centaur/arrow (12)]
  2974 | D:3      | Killed a centaur
  2975 | D:3      | Reached skill level 2 in Fighting
  2975 | D:3      | Reached skill level 4 in Stealth
  2975 | D:3      | Reached skill level 1 in Air Magic
  2975 | D:3      | Reached skill level 4 in Alchemy
  2975 | D:3      | Reached XP level 5. HP: 26/34 MP: 2/9
  3278 | D:3      | Identified the +5 robe of Gluttony {Rampage Str+4}
  3338 | D:3      | Noticed a small abomination
  3451 | D:4      | Noticed a phantom
  3505 | D:4      | Killed a phantom
  3506 | D:4      | Reached skill level 3 in Spellcasting
  3506 | D:4      | Reached XP level 6. HP: 21/41 MP: 4/10
  3997 | D:4      | Found a shadowy altar of Dithmenos.
  4015 | D:4      | Learned a level 3 spell: Mephitic Cloud
  4024 | D:4      | Became a worshipper of Dithmenos the Shadowed
  4089 | D:4      | Noticed Natasha
  4199 | D:4      | Killed Natasha
  4227 | D:4      | Noticed Dowan
  4234 | D:4      | Killed Dowan
  4235 | D:4      | Reached skill level 2 in Air Magic
  4235 | D:4      | Noticed Duvessa
  4267 | D:4      | Noticed Natasha
  4595 | D:5      | Entered Level 5 of the Dungeon
  4603 | D:5      | Reached skill level 5 in Stealth
  4603 | D:5      | Reached XP level 7. HP: 40/45 MP: 11/11
  4826 | D:4      | Killed Natasha
  4827 | D:4      | Reached skill level 1 in Short Blades
  4902 | D:4      | Noticed Natasha
  4910 | D:4      | Killed Natasha
  4981 | D:4      | HP: 7/45 [Duvessa/+1 rapier of protection (11)]
  4983 | D:4      | Slain by Duvessa

Illustrated notes

Levels and vault maps discovered:
D:1:      saegor_arrival_under_anarchy, layout_loops_ring,
          hangedman_decor_growths
D:2:      layout_basic
D:3:      layout_loops_ring, gammafunk_ghost_abyssal_escape
D:4:      layout_loops_cross, nicolae_overflow_crystal_walls,
          chequers_mini_garden, uniq_natasha, uniq_duvessa
D:5:      layout_cave_pods

Skill      XL: |  1  2  3  4  5  6  7 |
---------------+----------------------+-----
Stealth        | 3 4 5 |  5.0
Fighting       | 1 2 |  2.9
Conjurations   | 2 |  2.3
Air Magic      | 1 2 |  2.2
Alchemy        | 4 |  4.6
Spellcasting   | 3 |  3.3
Short Blades   | 1 |  1.0
Dodging        | |  2.3

Action                     |  1- 3 |  4- 6 |  7- 9 || total
---------------------------+-------+-------+-------++-------
  Melee: Dagger            |    26 |   109 |     7 ||   142
         Tentacles         |    10 |    20 |     4 ||    34
         Constrict         |    10 |    13 |     2 ||    25
         Unarmed           |       |     7 |       ||     7
         Spear             |       |     5 |       ||     5
   Cast: Sting             |    30 |     4 |       ||    34
         Mercury Vapours   |     7 |    45 |       ||    52
         Mephitic Cloud    |       |     3 |     1 ||     4
  Evoke: Wand              |       |       |     5 ||     5
    Use: Scroll            |     1 |     6 |       ||     7
         Potion            |       |     7 |       ||     7
   Stab: Sleeping          |     1 |     7 |     1 ||     9
         Confused          |       |     1 |       ||     1
 Armour: Skin              |    11 |   116 |     8 ||   135
  Dodge: Dodged            |     7 |    62 |     5 ||    74

Table legend: (Time is in decaauts)
 A = Elapsed time spent in this place.
 B = Non-inter-level travel time spent in this place.
 C = Inter-level travel time spent in this place.
 D = Time resting spent in this place.
 E = Time spent auto-exploring this place.
 F = Levels seen in this place.
 G = Mean time per level.
                   A        B        C        D        E       F      G
               +--------+--------+--------+--------+--------+-----+--------+
         Total |   4988 |   4683 |    305 |    100 |   3916 |   5 |  997.6 |
       Dungeon |   4988 |   4683 |    305 |    100 |   3916 |   5 |  997.6 |
               +--------+--------+--------+--------+--------+-----+--------+

Top non-repeatable levels by time:
     D:2: 1384 daAuts
     D:4: 1279 daAuts
     D:3: 1182 daAuts
     D:1: 1028 daAuts
     D:5: 113 daAuts

Levels and vault maps discovered:
D:1:      saegor_arrival_under_anarchy, layout_loops_ring,
          hangedman_decor_growths
D:2:      layout_basic
D:3:      layout_loops_ring, gammafunk_ghost_abyssal_escape
D:4:      layout_loops_cross, nicolae_overflow_crystal_walls,
          chequers_mini_garden, uniq_natasha, uniq_duvessa
D:5:      layout_cave_pods

Table legend: (Time is in decaauts)
 A = Elapsed time spent in this place.
 B = Non-inter-level travel time spent in this place.
 C = Inter-level travel time spent in this place.
 D = Time resting spent in this place.
 E = Time spent auto-exploring this place.
 F = Levels seen in this place.
 G = Mean time per level.
                   A        B        C        D        E       F      G
               +--------+--------+--------+--------+--------+-----+--------+
         Total |   4988 |   4683 |    305 |    100 |   3916 |   5 |  997.6 |
       Dungeon |   4988 |   4683 |    305 |    100 |   3916 |   5 |  997.6 |
               +--------+--------+--------+--------+--------+-----+--------+

Top non-repeatable levels by time:
     D:2: 1384 daAuts
     D:4: 1279 daAuts
     D:3: 1182 daAuts
     D:1: 1028 daAuts
     D:5: 113 daAuts

Table legend:
 A = Kills in this place as a percentage of kills in the entire game.
 B = Kills by you in this place as a percentage of kills by you in the entire game.
 C = Kills by friends in this place as a percentage of kills by friends in the entire game.
 D = Other kills in this place as a percentage of other kills in the entire game.
 E = Experience gained in this place as a percentage of experience gained in the entire game.
 F = Experience gained in this place divided by the number of levels of this place that you have seen.
                   A       B       C       D       E      F
               +-------+-------+-------+-------+-------+----------------------
         Total | 100.0 | 100.0 |   N/A |   N/A | 100.0 | 142.4
       Dungeon | 100.0 | 100.0 |   N/A |   N/A | 100.0 | 142.4
               +-------+-------+-------+-------+-------+----------------------
